 Dungeon Crawl Stone Soup version 0.22.0-32-gbc6daba (webtiles) character file.

4403 Lew the Fighter (level 10, -9/82 HPs)
             Began as a Gnoll Abyssal Knight on Aug 23, 2018.
             Was a High Priest of Lugonu.
             Mangled by a manticore (15 damage)
             ... on level 8 of the Dungeon.
             The game lasted 00:25:25 (7894 turns).

Lew the Fighter (Gnoll Abyssal Knight)              Turns: 7894, Time: 00:25:26

Health: -9/82      AC: 11    Str: 14    XL:     10   Next: 35%
Magic:  8/8        EV: 18    Int: 14    God:    Lugonu [*****.]
Gold:   395        SH:  0    Dex: 25    Spells: 19/19 levels left

rFire    x . .     SeeInvis .   k - +8 great mace "Peovam" {protect, *Corrode Dex+6 Stlth+}
rCold    + . .     Gourm    .   (shield currently unavailable)
rNeg     . . .     Faith    +   g - +1 robe of Koixzut {rElec rPois MP-9 Slay+5}
rPois    +         Spirit   .   d - +0 helmet
rElec    +         Reflect  .   (no cloak)
rCorr    +         Harm     .   j - +2 pair of gloves
MR       .....                  o - +2 pair of boots
Stlth    +++++.....             e - amulet of faith
HPRegen  0.23/turn              h - ring of ice
MPRegen  0.11/turn              v - ring of resist corrosion

@: about to teleport
A: distributed training, fangs 1, strong nose
a: Depart the Abyss, Bend Space, Banish, Corrupt, Enter the Abyss, Renounce
Religion


You were on level 8 of the Dungeon.
You worshipped Lugonu.
Lugonu was extremely pleased with you.
You were hungry.

You visited 2 branches of the dungeon, and saw 9 of its levels.
You visited the Abyss 1 time.

You collected 395 gold pieces.

Inventory:

Hand Weapons
 f - a +0 broad axe
 k - the +8 great mace "Peovam" (weapon) {protect, *Corrode Dex+6 Stlth+}
   (You took it off an ogre on level 4 of the Dungeon)

   It protects the one who uses it against injury (+AC on strike).
   It affects your dexterity (+6).
   It may corrode you when you take damage.
   It makes you more stealthy.
 l - the +0 shortbow of Eternal Vigilance {flame, +Inv rPois rF+ MP+9}
   (You found it on level 3 of the Dungeon)

   It causes projectiles fired from it to burn those they strike, causing extra
   injury to most foes and up to half again as much damage against particularly
   susceptible opponents.
   It protects you from fire.
   It protects you from poison.
   It affects your magic capacity (+9).
   It lets you turn invisible.
 C - the +6 broad axe "Jaxap" {freeze, rElec Str-3 Int+4 Dex+3}
   (You found it on level 6 of the Dungeon)

   It has been specially enchanted to freeze those struck by it, causing extra
   injury to most foes and up to half again as much damage against particularly
   susceptible opponents.
   It can also slow down cold-blooded creatures.
   It affects your strength (-3).
   It affects your intelligence (+4).
   It affects your dexterity (+3).
   It insulates you from electricity.
Missiles
 n - 58 arrows
Armour
 d - a +0 helmet (worn)
 g - the +1 robe of Koixzut (worn) {rElec rPois MP-9 Slay+5}
   (You found it on level 2 of the Abyss)

   It affects your accuracy and damage with ranged weapons and melee attacks
   (+5).
   It insulates you from electricity.
   It protects you from poison.
   It affects your magic capacity (-9).
 j - a +2 pair of gloves (worn)
 o - a +2 pair of boots (worn)
 q - a +0 shield
Jewellery
 e - an amulet of faith (around neck)
 h - a ring of ice (left hand)
 v - a ring of resist corrosion (right hand)
 y - a +3 ring of intelligence
Wands
 m - a wand of iceblast (28)
 t - a wand of digging (19)
 u - a wand of disintegration (20)
 x - a wand of paralysis (11)
Scrolls
 a - 4 scrolls of remove curse
 b - a scroll of immolation
 r - 3 scrolls of amnesia
 s - a scroll of magic mapping {unknown}
 D - 2 scrolls of identify
Potions
 i - 2 potions of might
 p - a potion of heal wounds {unknown}
 w - a potion of lignification {unknown}
 z - 2 potions of degeneration {unknown}
 A - a potion of curing
 B - a potion of flight
 E - a potion of brilliance {unknown}
Comestibles
 c - 12 rations


   Skills:
 + Level 8.4 Fighting
 + Level 5.1 Short Blades
 + Level 5.1 Long Blades
 + Level 6.9 Axes
 + Level 5.1 Maces & Flails
 + Level 5.1 Polearms
 + Level 5.1 Staves
 + Level 5.1 Slings
 + Level 5.1 Bows
 + Level 5.1 Crossbows
 + Level 5.1 Throwing
 + Level 6.9 Armour
 + Level 5.8 Dodging
 + Level 5.1 Stealth
 + Level 5.1 Shields
 + Level 5.1 Unarmed Combat
 + Level 5.1 Spellcasting
 + Level 4.2 Conjurations
 + Level 4.2 Hexes
 + Level 4.2 Charms
 + Level 4.2 Summonings
 + Level 4.2 Necromancy
 + Level 4.2 Translocations
 + Level 4.2 Transmutations
 + Level 4.2 Fire Magic
 + Level 4.2 Ice Magic
 + Level 4.2 Air Magic
 + Level 4.2 Earth Magic
 + Level 4.2 Poison Magic
 + Level 7.3 Invocations
 + Level 5.1 Evocations


You had 19 spell levels left.
You didn't know any spells.
Your spell library contained the following spells:

 Spells                   Type           Power        Failure   Level  Hunger
 Magic Dart               Conj           ###.         3%          1    None
 Blink                    Tloc           N/A          4%          2    ##.....
 Call Imp                 Summ           ###.....     4%          2    ##.....
 Slow                     Hex            ###.....     4%          2    ##.....
 Conjure Flame            Conj/Fire      ###.....     9%          3    ###....
 Mephitic Cloud           Conj/Pois/Air  ###.....     9%          3    ###....


Dungeon Overview and Level Annotations

Branches:
Dungeon (8/15)             Temple (1/1) D:6
   Lair: D:8-11

Altars:
Ashenzari
Cheibriados
Dithmenos
Elyvilon
Fedhas
Gozag
Hepliaklqana
Kikubaaqudgha
Makhleb
Nemelex Xobeh
Okawaru
Qazlal
Ru
Sif Muna
Trog
Uskayaw
Vehumet
Wu Jian
Xom
Yredelemnul
Zin
The Shining One


Innate Abilities, Weirdness & Mutations

Your experience applies equally to all skills.
You have very sharp teeth.
Your uncanny sense of smell can sniff out nearby items.


Message History

* * * LOW HITPOINT WARNING * * *
The manticore barely misses you.
Okay, then.
Okay, then.
Okay, then.
You closely miss the manticore.
The manticore is heavily wounded.
The bullfrog barely misses you. The bullfrog misses you.
The howler monkey hoots and howls with incredible vigour!
The manticore completely misses you. The manticore claws you!
* * * LOW HITPOINT WARNING * * *
The manticore closely misses you.
The bullfrog hits you but does no damage.
You hear an angry hiss.
You hear a trumpeting!
You hear a shout!
You hear an angry hiss.
Okay, then.
As you read the scroll of teleportation, it crumbles to dust.
You feel strangely unstable. The bullfrog closely misses you.
The manticore bites you!
You die...

##.....## #..............
#..÷...####..............
#..÷....##...............
#..........###......#####
##........## #......#
#.....(..#####.....#
##≈≈≈≈≈≈≈≈≈≈≈≈≈≈≈≈##
#≈######...#######≈
#≈#...∆#...@HS((.#≈#
#≈#..#∆#...#Fh...#≈#
#≈#..###...#Z(##.#
#≈#........#..#∆∆
#≈#........#(.#
#≈#'########..( #≈......#
.... ##≈......# ..##
#####.÷#####+# ∆


You could see a manticore, a bullfrog, a howler monkey, an adder and a hound
zombie.

Vanquished Creatures
  Pikel (D:6)
  Maurice (D:8)
  The ghost of MordorOrchid the Chopper, an amateur HOAK of Lugonu (D:4)
  A hippogriff (D:7)
  2 wyverns (D:8)
  Menkaure (D:7)
  The ghost of Lew the Skirmisher, an amateur GrAK of Lugonu (D:3)
  Duvessa (D:5)
  A sky beast (D:5)
  A black bear (D:7)
  An ice beast (D:5)
  3 phantoms
  4 slaves (D:6)
  2 centaurs
  4 ogres (D:4)
  Blork the orc (D:5)
  2 bullfrogs
  Dowan (D:5)
  5 scorpions
  A wyvern skeleton (D:7)
  2 crimson imps (D:5)
  2 hounds
  4 orc wizards
  5 orc priests
  Natasha (thrice) (D:3)
  An iguana (D:3)
  6 worker ants
  3 hound skeletons
  A worker ant zombie (D:8)
  Robin (D:2)
  7 gnolls
  A howler monkey skeleton (D:4)
  10 adders
  An ooze (D:3)
  An adder skeleton (D:7)
  3 worms
  2 dart slugs
  8 leopard geckos
  11 orcs
  A ball python (D:8)
  2 bats (D:1)
  13 giant cockroaches
  17 goblins
  10 hobgoblins
  7 kobolds
  A quokka (D:5)
  5 frilled lizards
  A jackal zombie (D:5)
  11 rats
  A bush (Abyss:1)
  A demonic plant (Abyss:1)
177 creatures vanquished.

Notes
Turn   | Place    | Note
-------+----------+-------------------------------------------
     0 | Abyss:1  | Lew the Gnoll Abyssal Knight began the quest for the Orb.
     0 | Abyss:1  | Reached XP level 1. HP: 23/23 MP: 3/3
   132 | Abyss:1  | Noticed an orb spider
   163 | Abyss:2  | Noticed a neqoxec
   171 | Abyss:2  | Noticed a crimson imp
   177 | Abyss:2  | Noticed a quasit
   180 | Abyss:2  | Got a steaming robe
   187 | Abyss:2  | Noticed an ancient zyme
   187 | Abyss:2  | Noticed a spatial vortex
   188 | Abyss:2  | Noticed a spatial vortex
   191 | Abyss:2  | Noticed a spatial vortex
   201 | Abyss:2  | Noticed a flying skull
   205 | D:1      | Escaped the Abyss
   217 | D:1      | Identified the +1 robe of Koixzut {rElec rPois MP-9 Slay+5} (You found it on level 2 of the Abyss)
   478 | D:1      | Reached * piety under Lugonu
   478 | D:1      | Reached XP level 2. HP: 29/29 MP: 0/5
   822 | D:1      | Reached XP level 3. HP: 25/35 MP: 0/6
  1298 | D:2      | Reached skill level 1 in Short Blades
  1298 | D:2      | Reached skill level 1 in Long Blades
  1298 | D:2      | Reached skill level 1 in Maces & Flails
  1298 | D:2      | Reached skill level 1 in Polearms
  1298 | D:2      | Reached skill level 1 in Staves
  1298 | D:2      | Reached skill level 1 in Slings
  1298 | D:2      | Reached skill level 1 in Bows
  1298 | D:2      | Reached skill level 1 in Crossbows
  1298 | D:2      | Reached skill level 1 in Throwing
  1298 | D:2      | Reached skill level 1 in Stealth
  1298 | D:2      | Reached skill level 1 in Shields
  1298 | D:2      | Reached skill level 1 in Unarmed Combat
  1298 | D:2      | Reached skill level 1 in Spellcasting
  1298 | D:2      | Reached skill level 1 in Evocations
  1362 | D:2      | Reached XP level 4. HP: 41/41 MP: 0/7
  1366 | D:2      | Noticed Robin
  1376 | D:2      | Killed Robin
  1377 | D:2      | Reached ** piety under Lugonu
  1483 | D:2      | Reached skill level 1 in Conjurations
  1483 | D:2      | Reached skill level 1 in Hexes
  1483 | D:2      | Reached skill level 1 in Charms
  1483 | D:2      | Reached skill level 1 in Summonings
  1483 | D:2      | Reached skill level 1 in Necromancy
  1483 | D:2      | Reached skill level 1 in Translocations
  1483 | D:2      | Reached skill level 1 in Transmutations
  1483 | D:2      | Reached skill level 1 in Fire Magic
  1483 | D:2      | Reached skill level 1 in Ice Magic
  1483 | D:2      | Reached skill level 1 in Air Magic
  1483 | D:2      | Reached skill level 1 in Earth Magic
  1483 | D:2      | Reached skill level 1 in Poison Magic
  1490 | D:2      | Found a hazy altar of Hepliaklqana.
  1827 | D:3      | Found a runed door.
  1827 | D:3      | Noticed Lew's ghost (amateur GrAK)
  1832 | D:3      | Reached XP level 5. HP: 39/47 MP: 0/8
  2125 | D:3      | Reached skill level 5 in Invocations
  2125 | D:3      | Reached XP level 6. HP: 27/53 MP: 0/9
  2572 | D:3      | Noticed Natasha
  2577 | D:3      | Killed Natasha
  2577 | D:3      | Reached skill level 5 in Axes
  2577 | D:3      | Reached skill level 5 in Armour
  2633 | D:3      | Reached *** piety under Lugonu
  3098 | D:3      | Noticed Natasha
  3104 | D:3      | Killed Natasha
  3332 | D:3      | Killed Lew's ghost
  3332 | D:3      | Reached XP level 7. HP: 35/59 MP: 1/10
  3412 | D:3      | Noticed Natasha
  3426 | D:3      | Killed Natasha
  3426 | D:3      | Reached skill level 7 in Fighting
  3434 | D:3      | Got a crude shortbow
  3438 | D:3      | Identified the cursed +0 shortbow of Eternal Vigilance {flame, +Inv rPois rF+ MP+9} (You found it on level 3 of the Dungeon)
  3934 | D:4      | Found a transporter.
  3935 | D:4      | Noticed MordorOrchid's ghost (amateur HOAK)
  3947 | D:4      | Found a transporter.
  4634 | D:4      | Reached XP level 8. HP: 67/67 MP: 12/12
  4639 | D:4      | Reached **** piety under Lugonu
  4641 | D:4      | Killed MordorOrchid's ghost
  4643 | D:4      | Got a steaming great mace {protect}
  4736 | D:5      | Entered Level 5 of the Dungeon
  4741 | D:5      | Identified the +8 great mace "Peovam" {protect, *Corrode Dex+6 Stlth+} (You took it off an ogre on level 4 of the Dungeon)
  4764 | D:5      | Noticed Duvessa
  4767 | D:5      | Noticed Dowan
  4773 | D:5      | Killed Duvessa
  4777 | D:5      | Killed Dowan
  5009 | D:5      | Reached XP level 9. HP: 69/72 MP: 14/14
  5058 | D:5      | Noticed Blork the orc
  5065 | D:5      | Killed Blork the orc
  5733 | D:6      | Found a staircase to the Ecumenical Temple.
  5752 | Temple   | Entered the Ecumenical Temple
  6228 | D:6      | Noticed Pikel
  6250 | D:6      | Killed Pikel
  6250 | D:6      | Reached skill level 8 in Fighting
  6250 | D:6      | Reached skill level 5 in Dodging
  6883 | D:6      | Got a scorched broad axe
  6884 | D:6      | Identified the +6 broad axe "Jaxap" {freeze, rElec Str-3 Int+4 Dex+3} (You found it on level 6 of the Dungeon)
  7150 | D:7      | Noticed Menkaure
  7152 | D:7      | Killed Menkaure
  7175 | D:7      | Reached XP level 10. HP: 73/80 MP: 6/17
  7610 | D:8      | Noticed Maurice
  7621 | D:8      | Killed Maurice
  7660 | D:8      | Reached skill level 5 in Short Blades
  7660 | D:8      | Reached skill level 5 in Long Blades
  7660 | D:8      | Reached skill level 5 in Maces & Flails
  7660 | D:8      | Reached skill level 5 in Polearms
  7660 | D:8      | Reached skill level 5 in Staves
  7660 | D:8      | Reached skill level 5 in Slings
  7660 | D:8      | Reached skill level 5 in Bows
  7660 | D:8      | Reached skill level 5 in Crossbows
  7660 | D:8      | Reached skill level 5 in Throwing
  7660 | D:8      | Reached skill level 5 in Stealth
  7660 | D:8      | Reached skill level 5 in Shields
  7660 | D:8      | Reached skill level 5 in Unarmed Combat
  7660 | D:8      | Reached skill level 5 in Spellcasting
  7660 | D:8      | Reached skill level 5 in Evocations
  7883 | D:8      | Noticed a manticore
  7885 | D:8      | Reached ***** piety under Lugonu
  7894 | D:8      | Mangled by a manticore

Skill      XL: |  1  2  3  4  5  6  7  8  9 10 |
---------------+-------------------------------+-----
Short Blades   | 1 2 3 4 5 |  5.1
Long Blades    | 1 2 3 4 5 |  5.1
Maces & Flails | 1 2 3 4 5 |  5.1
Polearms       | 1 2 3 4 5 |  5.1
Staves         | 1 2 3 4 5 |  5.1
Slings         | 1 2 3 4 5 |  5.1
Bows           | 1 2 3 4 5 |  5.1
Crossbows      | 1 2 3 4 5 |  5.1
Throwing       | 1 2 3 4 5 |  5.1
Stealth        | 1 2 3 4 5 |  5.1
Shields        | 1 2 3 4 5 |  5.1
Unarmed Combat | 1 2 3 4 5 |  5.1
Spellcasting   | 1 2 3 4 5 |  5.1
Evocations     | 1 2 3 4 5 |  5.1
Conjurations   | 1 2 3 4 |  4.2
Hexes          | 1 2 3 4 |  4.2
Charms         | 1 2 3 4 |  4.2
Summonings     | 1 2 3 4 |  4.2
Necromancy     | 1 2 3 4 |  4.2
Translocations | 1 2 3 4 |  4.2
Transmutations | 1 2 3 4 |  4.2
Fire Magic     | 1 2 3 4 |  4.2
Ice Magic      | 1 2 3 4 |  4.2
Air Magic      | 1 2 3 4 |  4.2
Earth Magic    | 1 2 3 4 |  4.2
Poison Magic   | 1 2 3 4 |  4.2
Dodging        | 3 4 5 |  5.8
Invocations    | 5 6 7 |  7.3
Axes           | 5 6 |  6.9
Armour         | 5 6 |  6.9
Fighting       | 7 8 |  8.4

Action                   |  1- 3 |  4- 6 |  7- 9 | 10-12 || total
-------------------------+-------+-------+-------+-------++-------
Melee: Hand axe          |   106 |       |       |       ||   106
       Bite              |    29 |     9 |     4 |     1 ||    43
       Broad axe         |    61 |   115 |     9 |       ||   185
       Great mace        |       |       |    19 |    26 ||    45
       Shortbow          |       |       |     2 |       ||     2
 Fire: Shortbow          |       |       |   217 |    36 ||   253
Invok: Depart the Abyss  |     1 |       |       |       ||     1
  Use: Scroll            |     1 |     3 |     9 |     1 ||    14
       Potion            |       |     2 |     2 |       ||     4
 Stab: Sleeping          |     5 |     4 |       |     1 ||    10
  Eat: Ration            |     1 |     2 |     3 |       ||     6
       Chunk             |       |       |     1 |       ||     1
Armor: Leather armour    |     3 |       |       |       ||     3
       Robe              |    11 |    31 |    36 |    15 ||    93
Dodge: Dodged            |    60 |    85 |    67 |    55 ||   267
